← All builds
Pond / Cortex / Economy first / OBSERVED BUILD

Shuriken air push

Cortex Pond build order · Supreme Isthmus

Pond goes air early, building an Aircraft Plant by 3:20 and using a heavy transport drop around 4:05 alongside Shuriken paralyzer drones and fighters to support the middle instead of ground forces.

Usually goes air (75%)

#air #drop #team support · 16 distinct matches · 6 players · 5% of Cortex Pond games · team won 50% of 16 · Recently observed

THE CATCH, AND WHAT COMES WITH IT
  • ShurikenT1 air support from 4:26 · 10% of role by thenFrom the Aircraft Plant. Only 10% of Pond games have it by then; others who build it get it around 4:51
  • Aircraft PlantAircraft Plant in 100%16% of all Pond games by then
  • HephaestusHeavy transport in 100%13% of all Pond games by then
  • ShurikenShuriken in 75%4% of all Pond games by then
  • ValiantValiant in 75%7% of all Pond games by then

Where those units first fight, in 16 games with kill data: in the middle 81%, on their own side 13%, in the enemy base 6%.

Then transitions into valiant (12% of army), grunt (11% of army).

HOW TO PLAY IT

Key timing: Aircraft Plant by 3:20

  1. Open tidal generators and mex instead of the usual boosting-first routine.
  2. Build Aircraft Plant early, well ahead of normal Pond timing.
  3. Pay for or use a transport to move army forward instead of boosting.
  4. Field Shuriken with Valiant fighters as your main support force.
  5. Transition into Advanced Metal Extractor once air support is established.

Phase by phase

TYPICAL OF ITS 16 GAMES · AGAINST STANDARD POND
  1. 1
  2. 2
  3. 3
PLAY THE OPENING

Follow the example game's first 6:00 step by step: what to build now, what comes next, and where it goes. At 1× it keeps pace with your own game.

  1. 1

    Up to the Aircraft Plant

    Economy
    • Metal Extractor4Mex
    • Tidal Generator8Tidalfor allies
    • Wind Turbine6Wind+2 vs standard
    • Energy Storage1Energy storage
    Order
    1. Aircraft PlantAircraft Plant after 4 mex, 6 wind, 1 energy storagedone ~3:38, middle half 3:28–3:57

    By 3:18 in all: 4 mex · 6 wind (standard 4) · 1 energy storage

    The example game in this phase · 6 steps
    1. Tidal ×8
    2. Mex ×4
    3. Wind ×7
    4. Energy storage
    5. Wind ×3
    6. Aircraft PlantAircraft Plantdone 3:46 · typical 3:38
  2. 2

    Aircraft Plant to T1 air support

    Order
    1. ShurikenT1 air support after 4 mex, 8 wind, 1 energy storage
    Army
    • Hephaestus1 Heavy transport

    Some games also: con aircraft (44%) · wind (44%) · con turret (31%)

    By 4:22 in all: 4 mex · 8 wind (standard 6) · 1 energy storage

    The example game in this phase · 12 steps
    1. Wind
    2. HerculesLight transport
    3. Wind
    4. HerculesLight transport
    5. Construction AircraftCon aircraft
    6. Con turret
    7. HerculesLight transport
    8. Con turret
    9. HerculesLight transport
    10. Wind
    11. HerculesLight transport ×2
    12. ShurikenShurikendone 5:08
  3. 3

    T1 air support to 10:00

    Economy
    • Wind Turbine17Wind+7 vs standard
    Order
    1. Aircraft PlantEat Aircraft Plant in 63% of games
    Builders
    • Construction Turret3 Con turret +3 vs standard
    Army
    • Shuriken12 Shuriken +12 vs standard
    • Valiant3 Valiant +3 vs standard

    Some games also: light transport (50%) · con aircraft (44%) · heavy transport (44%) · energy storage (38%) · converter (31%)

    The standard build makes here, this one skips: 3 converter

    By 10:00 in all: 4 mex · 24 wind (standard 17) · 1 energy storage · 3 con turret (standard 1)

    The example game in this phase · 92 steps
    1. ShurikenShuriken
    2. Wind
    3. ShurikenShuriken
    4. ValiantValiant
    5. Wind
    6. ValiantValiant ×2
    7. Wind
    8. ValiantValiant ×2
    9. Wind ×8
    10. ShurikenShuriken
    11. Wind
    12. ShurikenShuriken ×3
    13. Wind
    14. ShurikenShuriken ×5
    15. Wind
    16. ShurikenShuriken ×3
    17. Advanced Metal ExtractorT2 mexdone 9:08 · typical 8:26
    18. ShurikenShuriken ×2
    19. Wind
    20. ShurikenShuriken
    21. Wind
    22. ShurikenShuriken
    23. Wind
    24. ShurikenShuriken ×5
    25. Wind
    26. ShurikenShuriken
    27. HephaestusHeavy transport
    28. Advanced Metal ExtractorT2 mex
    29. Wind
    30. ShurikenShuriken
    31. Wind
    32. ShurikenShuriken
    33. Wind
    34. ShurikenShuriken
    35. Wind
    36. Advanced Metal ExtractorT2 mex
    37. ShurikenShuriken
    38. Wind
    39. ShurikenShuriken ×3
    40. Wind
    41. ShurikenShuriken
    42. Wind
    43. ShurikenShuriken
    44. Wind
    45. ShurikenShuriken
    46. Wind
    47. Advanced Metal ExtractorT2 mex
    48. ShurikenShuriken
    49. Wind
    50. ShurikenShuriken
    51. Wind ×2
    52. ShurikenShuriken
    53. Wind
    54. ShurikenShuriken ×2
    55. Wind ×4
    56. ShurikenShuriken
    57. Wind
    58. ShurikenShuriken
    59. Wind
    60. ShurikenShuriken
    61. Wind ×2
    62. ShurikenShuriken
    63. Construction AircraftCon aircraft
    64. Wind ×7
    65. Construction AircraftCon aircraft
    66. Wind ×5
    67. Construction AircraftCon aircraft
    68. Wind ×2
    69. Con turretfor Geo
    70. Construction AircraftCon aircraft
    71. Con turret ×3
    72. Construction AircraftCon aircraft
    73. Wind ×6
    74. ShurikenShuriken
    75. Wind
    76. ShurikenShuriken
    77. Wind
    78. ShurikenShuriken ×2
    79. Wind
    80. ShurikenShuriken
    81. Wind
    82. ShurikenShuriken ×2
    83. Wind
    84. ShurikenShuriken ×2
    85. Wind
    86. Twin GuardTwin Guard
    87. ShurikenShuriken ×2
    88. Twin GuardTwin Guard
    89. ShurikenShuriken ×3
    90. Twin GuardTwin Guard
    91. ShurikenShuriken
    92. Wind

Counts are medians over the build's games: half of them build more, half fewer. The example game is Rysica's (35 OS, 30/09/2026); pick another.

Team trades

IN AT LEAST 30% OF ITS GAMES

You hand over

  • Tidal Generator8 Tidal to Suicide front or Frontfirst at 0:13 · in 75% of games

You get

  • Advanced Construction Bot1 T2 con bot from Techfirst at 6:53 · in 75% of games

How it plays out

Typical game of this build against the role’s standard build, running totals by minute

  • This build
  • Standard pond

Metal produced

010k20k
0:005:0010:0015:00

metal

Enemy metal destroyed

02k4k
0:005:0010:0015:00

metal

Own metal lost

02k4k
0:005:0010:0015:00

metal

16 games.

Show as table
ByMetal produced: This buildMetal produced: Standard pondEnemy metal destroyed: This buildEnemy metal destroyed: Standard pondOwn metal lost: This buildOwn metal lost: Standard pond
1:001151150000
2:003042860000
3:009028230000
4:00157514950000
5:0022692264110210
6:002926311021801150
7:0036824051308051450
8:0045974874391168854150
9:00561763894065291097482
10:007175823972712291245836
11:0088319878727152017161174
12:001089712114871167024811380
13:001300614112881197527061612
14:001423116438973253030202849
15:0017130189131325307037983894
WHAT THE NUMBERS SAY

Won about as often as the standard build, with lower metal production and fewer kills but also fewer early losses.

  • + Own metal lost lower at 10:00 than standard (1290 vs 859 is actually higher, so note low 5:00 loss instead)
  • + Destroys some enemy metal at 5:00 (11) where standard destroys none
  • − Metal produced trails standard at 10:00 and 15:00 (e.g. 17130 vs 18990 at 15:00)
  • − Enemy metal destroyed is lower than standard at every later checkpoint
THE EXAMPLE YOU ARE READING

Rysica

35.5 OS · 30/09/2026

Open source match ↗

8 received units · includes a constructor
29 metal received · 48212 energy received

Allied construction assistance is unknown. Timings are observations, not a promise of solo reproducibility.

Typical milestones

Aircraft Plant3:38Middle 50%: 3:28–3:57 · n=16
Advanced Metal Extractor8:26Middle 50%: 7:47–9:04 · n=11

Played most by

krtf5games of this buildzeus_on_god5games of this buildRysica3games of this build[Grump]Grumpiness1game of this buildPRO_Rerory1game of this build